 Dungeon Crawl Stone Soup version 0.30-a0-4-ga7cffc901d (webtiles) character file.

Game seed: 6477038002859119609

49 Setbun the Cutter (level 4, -3/29 HPs)
             Began as a Kobold Berserker on Aug 20, 2022.
             Was a Follower of Trog.
             Slain by Sigmund
             ... wielding a +0 scythe
              (11 damage)
             ... on level 3 of the Dungeon.
             The game lasted 00:01:36 (2358 turns).

Setbun the Cutter (Kobold Berserker)                Turns: 2358, Time: 00:01:36

Health: -3/29      AC:  2    Str: 14    XL:     4   Next: 2%
Magic:  4/4        EV: 15    Int:  8    God:    Trog [*.....]
Gold:   153        SH:  0    Dex: 16    Spells: 3/3 levels left

rFire   . . .      SeeInvis .    a - +0 short sword
rCold   . . .      Faith    .    (no shield)
rNeg    . . .      Spirit   .    b - +0 animal skin
rPois   .          Reflect  .    (no helmet)
rElec   .          Harm     .    (no cloak)
rCorr   .          Rampage  .    (no gloves)
Will    .....                    (no boots)
Stlth   ++........               (no amulet)
HPRegen 0.09/turn                (no ring)
MPRegen 0.09/turn                (no ring)

@: confused
A: small, no large weapons, nightstalker 3
a: Renounce Religion, Berserk


You were on level 3 of the Dungeon.
You worshipped Trog.
Trog was aware of your devotion.
You visited 1 branch of the dungeon, and saw 3 of its levels.

You collected 153 gold pieces.

Inventory:

Hand Weapons
 a - a +0 short sword (weapon)
Armour
 b - a +0 animal skin (worn)
Jewellery
 i - a ring of poison resistance
Scrolls
 d - 2 scrolls of teleportation {unknown}
 f - 2 scrolls of torment {unknown}
 h - a scroll of identify {unknown}
 k - a scroll of enchant armour {unknown}
Potions
 c - a potion of cancellation {unknown}
 e - 2 potions of curing {unknown}
 g - a potion of haste {unknown}
 j - a potion of might {unknown}


   Skills:
 + Level 3.7 Fighting
 * Level 4.9 Short Blades
 - Level 1.5 Armour
 + Level 3.0 Dodging
 + Level 1.9 Stealth


You had 3 spell levels left.
You didn't know any spells.
Your spell library was empty.

Dungeon Overview and Level Annotations

Branches:
Dungeon (3/15)

Altars:
Trog

Annotations:
D:3 Sigmund


Innate Abilities, Weirdness & Mutations

You are small and have problems with some larger weapons.
You are completely attuned to the shadows.


Message History

a +0 club; a goblin corpse Sigmund says, "You will soon forget everything."
Sigmund barely misses you.
You hit Sigmund.
Sigmund is lightly wounded.
You hit Sigmund.
Sigmund is lightly wounded.
Sigmund misses you.
You completely miss Sigmund.
Sigmund is lightly wounded.
You hit Sigmund but do no damage.
Sigmund is lightly wounded.
Sigmund points at you and mumbles some strange words.
You are confused.
You are too confused!
You are too confused!
You are too confused!
You are too confused!
You are too confused!
Okay, then.
You hit Sigmund.
Sigmund is moderately wounded.
Sigmund casts a spell at you.
You are more confused.
You hit Sigmund.
Sigmund is moderately wounded.
Sigmund closely misses you.
Sigmund hits you from afar with a +0 scythe!
Sigmund barely misses you.
Okay, then.
Sigmund hits you with a +0 scythe!
* * * LOW HITPOINT WARNING * * *
You are too confused!
You hit Sigmund.
Sigmund is heavily wounded.
Sigmund closely misses you.
You bump into the rock wall.
Okay, then.
You bump into the rock wall.
Sigmund hits you with a +0 scythe!
You die...

#......#.#.####
##.##....#.#
####.##>...#.####.
+.................
####.###.#...#####
#........#...#<#
#)###.####...#.#####
.##.#.....##..........
#....@@.....#.......###
####.########.#.#.#.# #
.... #.#...#.### #.#.#
###...... #.#. #...###
.###...# # .......# #
#######......## # #
#.......####.#


You could see Sigmund.

Vanquished Creatures
  An adder (D:2)
  A worm (D:2)
  A dart slug (D:2)
  2 ball pythons (D:1)
  2 endoplasms
  5 giant cockroaches
  6 hobgoblins
  2 quokkas
  2 bats
  2 frilled lizards
  3 goblins
  3 kobolds (D:1)
  A rat (D:1)
31 creatures vanquished.

Vanquished Creatures (others)
  4 toadstools (D:1)
4 creatures vanquished.

Grand Total: 35 creatures vanquished

Notes
Turn   | Place    | Note
-------+----------+-------------------------------------------
     0 | D:1      | Setbun the Kobold Berserker began the quest for the Orb.
     0 | D:1      | Reached XP level 1. HP: 14/14 MP: 1/1
   491 | D:1      | Reached XP level 2. HP: 19/19 MP: 2/2
   594 | D:1      | Reached skill level 1 in Stealth
  1431 | D:2      | Reached XP level 3. HP: 23/23 MP: 3/3
  1659 | D:2      | Found a bloodstained altar of Trog.
  2217 | D:2      | Found a faded altar of an unknown god.
  2324 | D:3      | Reached XP level 4. HP: 29/29 MP: 4/4
  2340 | D:3      | Noticed Sigmund
  2358 | D:3      | Slain by Sigmund

Illustrated notes

Levels and vault maps discovered:
D:1:      ldierk_walled_garden_2, layout_basic, serial_co_window_serial,
          co_window_corner_a, co_window_paths_b, co_window_cross_1,
          co_window_corner_a, co_window_paths_a, co_window_broadway_b,
          co_window_cross_4, co_window_corner_b, co_window_corner_b,
          glass_columns_a, glass_columns_a, glass_columns_a, glass_columns_b
D:2:      minmay_angry_zag, layout_loops_ring, basic_altar,
          chequers_ecumenical_altar_island
D:3:      layout_basic, uniq_terence, uniq_sigmund

Skill      XL: |  1  2  3 |
---------------+----------+-----
Stealth        | 1 |  1.9
Dodging        | 3 |  3.0
Fighting       | |  3.7
Short Blades   | |  4.9
Armour         | |  1.5

Action                   |  1- 3 |  4- 6 || total
-------------------------+-------+-------++-------
Melee: Short sword       |   102 |     8 ||   110
       Punch             |     2 |       ||     2
Invok: Berserk           |     1 |       ||     1
 Stab: Sleeping          |    15 |     1 ||    16
Armor: Animal skin       |    15 |       ||    15
Dodge: Dodged            |    62 |     5 ||    67

Table legend: (Time is in decaauts)
 A = Elapsed time spent in this place.
 B = Non-inter-level travel time spent in this place.
 C = Inter-level travel time spent in this place.
 D = Time resting spent in this place.
 E = Time spent auto-exploring this place.
 F = Levels seen in this place.
 G = Mean time per level.
                   A        B        C        D        E       F      G
               +--------+--------+--------+--------+--------+-----+--------+
         Total |   2361 |   2321 |     40 |    538 |   1529 |   3 |  787.0 |
       Dungeon |   2361 |   2321 |     40 |    538 |   1529 |   3 |  787.0 |
               +--------+--------+--------+--------+--------+-----+--------+

Top non-repeatable levels by time:
     D:1: 1339 daAuts
     D:2: 915 daAuts
     D:3: 106 daAuts
